TOP OF THE 1ST |
Seattle Pikes batting - Pitching for Austin River Sharks : RHP Troy Lynn
|
Pitching: RHP Troy Lynn
|
|
Batting: RHB Pete Rideout
|
0-0: Called Strike 0-1: Ball 1-1: Ball 2-1: Ground out 5-3 (Groundball, 56)
|
Batting: LHB John Clark
|
0-0: Ball 1-0: SINGLE (Groundball, 56D)
|
Batting: LHB Richard Hunter
|
0-0: Called Strike 0-1: Ball 1-1: Ball 2-1: Ball 3-1: SINGLE (Groundball, 4MD) John Clark to second Runner from 2nd tries for 3rd, SAFE, no throw
|
Batting: RHB Esteban Concepción
|
0-0: Called Strike 0-1: Ball 1-1: Ball 2-1: SINGLE (Groundball, 56D) John Clark scores Richard Hunter to second
|
Batting: RHB Juan Estrada
|
0-0: Ball 1-0: Fielders Choice at 2nd, 6-4 (Groundball, 56) Richard Hunter to third
|
Batting: RHB Murai Ishihara
|
0-0: Ball 1-0: Fielders Choice at 2nd, 6-4 (Groundball, 6)
|
Top of the 1st over - 1 run, 3 hits, 0 errors, 2 left on base; Seattle 1 - Austin 0 |
BOTTOM OF THE 1ST |
Austin River Sharks batting - Pitching for Seattle Pikes : RHP Orlando Cruz
|
Pitching: RHP Orlando Cruz
|
|
Batting: LHB Enrico Vargas
|
0-0: Ball 1-0: SINGLE (Line Drive, 4D)
|
Batting: LHB Edgar López
|
0-0: Ball Enrico Vargas steals 2nd base 1-0: Ball 2-0: Ball 3-0: Called Strike 3-1: 2-RUN HOME RUN (Flyball, 9LD), Distance : 348 ft
|
Batting: LHB Anacleto Morillo
|
0-0: Ball 1-0: Called Strike 1-1: Fly out, F8 (Line Drive, 89D)
|
Batting: RHB Edward Young
|
0-0: Ball 1-0: Ground out 5-3 (Groundball, 5)
|
Batting: LHB José Lińares
|
0-0: Ball 1-0: Foul Ball, location: 2F 1-1: Ball 2-1: Ball 3-1: Base on Balls
|
Batting: RHB Tony Cruz
|
0-0: Ball 1-0: Ball 2-0: Ball 3-0: Called Strike 3-1: Called Strike 3-2: Strikes out looking
|
Bottom of the 1st over - 2 runs, 2 hits, 0 errors, 1 left on base; Seattle 1 - Austin 2 |
TOP OF THE 2ND |
Seattle Pikes batting - Pitching for Austin River Sharks : RHP Troy Lynn
|
Batting: LHB John Bond
|
0-0: Ground out 1-3 (Groundball, 15S)
|
Batting: LHB Javier Martínez
|
0-0: Ball 1-0: Foul Ball, location: 2F 1-1: Ball 2-1: Foul Ball, location: 2F 2-2: Fly out, F3 (Popup, 3L)
|
Batting: RHB António López
|
0-0: Called Strike 0-1: Ball 1-1: Foul Ball, location: 2F 1-2: Ground out U3 (Groundball, 3L)
|
Top of the 2nd over - 0 runs, 0 hits, 0 errors, 0 left on base; Seattle 1 - Austin 2 |
BOTTOM OF THE 2ND |
Austin River Sharks batting - Pitching for Seattle Pikes : RHP Orlando Cruz
|
Batting: RHB Jesús Hernández
|
0-0: Ball 1-0: Foul Ball, location: 2F 1-1: DOUBLE (Line Drive, 9D)
|
Batting: RHB Richard Coker
|
0-0: Ball 1-0: Ball 2-0: Called Strike 2-1: Ball 3-1: Foul Ball, location: 2F 3-2: Base on Balls
|
Batting: LHB Miguel Pérez
|
0-0: Ball 1-0: Ball 2-0: Called Strike 2-1: Foul Ball, location: 2F 2-2: Strikes out swinging
|
Batting: LHB Enrico Vargas
|
0-0: Ball 1-0: Foul Ball, location: 2F 1-1: Ball 2-1: Ball 3-1: Foul Ball, location: 2F 3-2: Foul Ball, location: 2F 3-2: Base on Balls Jesús Hernández to third Richard Coker to second
|
Batting: LHB Edgar López
|
0-0: Ball 1-0: Ball 2-0: Ball 3-0: Called Strike 3-1: Base on Balls Jesús Hernández scores Richard Coker to third Enrico Vargas to second
|
Batting: LHB Anacleto Morillo
|
0-0: Foul Ball, location: 2F 0-1: Ball 1-1: Fielders Choice at 2nd, 3-6 (Groundball, 34) Richard Coker scores Enrico Vargas to third
|
Batting: RHB Edward Young
|
0-0: Foul Ball, location: 2F 0-1: Foul Ball, location: 2F 0-2: SINGLE (Groundball, 6MD) Enrico Vargas scores Anacleto Morillo to second
|
Batting: LHB José Lińares
|
0-0: Ground out U3 (Groundball, 3)
|
Bottom of the 2nd over - 3 runs, 2 hits, 0 errors, 2 left on base; Seattle 1 - Austin 5 |
TOP OF THE 3RD |
Seattle Pikes batting - Pitching for Austin River Sharks : RHP Troy Lynn
|
Batting: RHB Pete Rideout
|
0-0: Called Strike 0-1: Ball 1-1: Foul Ball, location: 2F 1-2: Foul Ball, location: 2F 1-2: Ground out 4-3 (Groundball, 4)
|
Batting: LHB John Clark
|
0-0: Called Strike 0-1: Ball 1-1: Foul Ball, location: 2F 1-2: SINGLE (Line Drive, 56D)
|
Batting: LHB Richard Hunter
|
0-0: Ball 1-0: Swinging Strike 1-1: SINGLE (Flyball, 7S) John Clark to second
|
Batting: RHB Esteban Concepción
|
0-0: Foul Ball, location: 2F 0-1: Ball 1-1: Swinging Strike 1-2: Ball 2-2: Foul Ball, location: 2F 2-2: Foul Ball, location: 2F 2-2: Strikes out swinging
|
Batting: RHB Juan Estrada
|
0-0: Ball 1-0: Ball 2-0: Called Strike 2-1: Foul Ball, location: 2F 2-2: SINGLE (Groundball, 6) (infield hit) John Clark to third Richard Hunter to second
|
Batting: RHB Murai Ishihara
|
0-0: Called Strike 0-1: Ball 1-1: Ground out 4-3 (Groundball, 4)
|
Top of the 3rd over - 0 runs, 3 hits, 0 errors, 3 left on base; Seattle 1 - Austin 5 |
BOTTOM OF THE 3RD |
Austin River Sharks batting - Pitching for Seattle Pikes : RHP Orlando Cruz
|
Batting: RHB Tony Cruz
|
0-0: Ball 1-0: Foul Ball, location: 2F 1-1: Ball 2-1: Ground out 5-3 (Groundball, 56)
|
Batting: RHB Jesús Hernández
|
0-0: Called Strike 0-1: Ball 1-1: Swinging Strike 1-2: Ball 2-2: Fly out, F7 (Flyball, 78M)
|
Batting: RHB Richard Coker
|
0-0: Ball 1-0: Ball 2-0: Ground out 6-3 (Groundball, 6)
|
Bottom of the 3rd over - 0 runs, 0 hits, 0 errors, 0 left on base; Seattle 1 - Austin 5 |
TOP OF THE 4TH |
Seattle Pikes batting - Pitching for Austin River Sharks : RHP Troy Lynn
|
Batting: LHB John Bond
|
0-0: Called Strike 0-1: Called Strike 0-2: Strikes out swinging
|
Batting: LHB Javier Martínez
|
0-0: Foul Ball, location: 2F 0-1: Foul Ball, location: 2F 0-2: Strikes out swinging
|
Batting: RHB António López
|
0-0: Called Strike 0-1: Ball 1-1: Ball 2-1: Called Strike 2-2: Foul Ball, location: 2F 2-2: Ball 3-2: Ground out 6-3 (Groundball, 6)
|
Top of the 4th over - 0 runs, 0 hits, 0 errors, 0 left on base; Seattle 1 - Austin 5 |
BOTTOM OF THE 4TH |
Austin River Sharks batting - Pitching for Seattle Pikes : RHP Orlando Cruz
|
Batting: LHB Miguel Pérez
|
0-0: Ball 1-0: Ball 2-0: Fly out, F8 (Flyball, 8RM)
|
Batting: LHB Enrico Vargas
|
0-0: Ball 1-0: Swinging Strike 1-1: Fly out, F7 (Flyball, 7D)
|
Batting: LHB Edgar López
|
0-0: Swinging Strike 0-1: Ball 1-1: Ground out U3 (Groundball, 34)
|
Bottom of the 4th over - 0 runs, 0 hits, 0 errors, 0 left on base; Seattle 1 - Austin 5 |
TOP OF THE 5TH |
Seattle Pikes batting - Pitching for Austin River Sharks : RHP Troy Lynn
|
Batting: RHB Pete Rideout
|
0-0: SINGLE (Groundball, 6S) (infield hit)
|
Batting: LHB John Clark
|
0-0: Ball 1-0: Called Strike 1-1: Ball 2-1: Ball 3-1: Swinging Strike 3-2: Ground out 1-3 (Groundball, 15) Pete Rideout to second
|
Batting: LHB Richard Hunter
|
0-0: Ground out 4-3 (Groundball, 4) Pete Rideout to third
|
Batting: RHB Esteban Concepción
|
0-0: Called Strike 0-1: Ball 1-1: Swinging Strike 1-2: Strikes out swinging
|
Top of the 5th over - 0 runs, 1 hit, 0 errors, 1 left on base; Seattle 1 - Austin 5 |
BOTTOM OF THE 5TH |
Austin River Sharks batting - Pitching for Seattle Pikes : RHP Orlando Cruz
|
Batting: LHB Anacleto Morillo
|
0-0: Ball 1-0: Ground out 1-3 (Groundball, 15S)
|
Batting: RHB Edward Young
|
0-0: Ball 1-0: Ball 2-0: Ball 3-0: Base on Balls
|
Batting: LHB José Lińares
|
0-0: Called Strike 0-1: 2-RUN HOME RUN (Flyball, 89XD), Distance : 387 ft
|
Pitching: RHP Luis Libán
|
|
Batting: RHB Tony Cruz
|
0-0: Foul Ball, location: 2F 0-1: Ball 1-1: Ball 2-1: Foul Ball, location: 2F 2-2: Strikes out swinging
|
Batting: RHB Jesús Hernández
|
0-0: Ball 1-0: Ball 2-0: Foul Ball, location: 2F 2-1: Ball 3-1: Ground out 5-3 (Groundball, 25)
|
Bottom of the 5th over - 2 runs, 1 hit, 0 errors, 0 left on base; Seattle 1 - Austin 7 |
TOP OF THE 6TH |
Seattle Pikes batting - Pitching for Austin River Sharks : RHP Troy Lynn
|
Batting: RHB Juan Estrada
|
0-0: Swinging Strike 0-1: SINGLE (Line Drive, 6D)
|
Batting: RHB Murai Ishihara
|
0-0: Grounds into double play, 5-4-3 (Groundball, 56)
|
Batting: LHB John Bond
|
0-0: Foul Ball, location: 2F 0-1: Ball 1-1: Called Strike 1-2: Fly out, F8 (Flyball, 8RD)
|
Top of the 6th over - 0 runs, 1 hit, 0 errors, 0 left on base; Seattle 1 - Austin 7 |
BOTTOM OF THE 6TH |
Austin River Sharks batting - Pitching for Seattle Pikes : RHP Luis Libán
|
Batting: RHB Richard Coker
|
0-0: Ball 1-0: Foul Ball, location: 2F 1-1: Called Strike 1-2: Ball 2-2: Ball 3-2: Foul Ball, location: 2F 3-2: Ground out 4-3 (Groundball, 4)
|
Batting: LHB Miguel Pérez
|
0-0: Called Strike 0-1: Ball 1-1: Ball 2-1: Foul Ball, location: 2F 2-2: Ball 3-2: Strikes out swinging
|
Batting: LHB Enrico Vargas
|
0-0: Called Strike 0-1: Ball 1-1: Ball 2-1: Ball 3-1: Fly out, F4 (Line Drive, 4)
|
Bottom of the 6th over - 0 runs, 0 hits, 0 errors, 0 left on base; Seattle 1 - Austin 7 |
TOP OF THE 7TH |
Seattle Pikes batting - Pitching for Austin River Sharks : RHP Troy Lynn
|
Batting: LHB Javier Martínez
|
0-0: Ground out 4-3 (Groundball, 4)
|
Batting: RHB António López
|
0-0: Called Strike 0-1: Swinging Strike 0-2: Foul Ball, location: 2F 0-2: Foul Ball, location: 2F 0-2: Foul Ball, location: 2F 0-2: Ball 1-2: Strikes out looking
|
Batting: RHB Pete Rideout
|
0-0: SINGLE (Line Drive, 6MD)
|
Batting: LHB John Clark
|
0-0: Called Strike 0-1: Ball 1-1: Ball 2-1: Ball 3-1: Foul Ball, location: 2F 3-2: Foul Ball, location: 2F 3-2: Fly out, F6 (Popup, 6)
|
Top of the 7th over - 0 runs, 1 hit, 0 errors, 1 left on base; Seattle 1 - Austin 7 |
BOTTOM OF THE 7TH |
Austin River Sharks batting - Pitching for Seattle Pikes : RHP Luis Libán
|
Batting: LHB Edgar López
|
0-0: Called Strike 0-1: Ball 1-1: Called Strike 1-2: DOUBLE (Groundball, 3L)
|
Batting: LHB Anacleto Morillo
|
0-0: Ball 1-0: Ball 2-0: Called Strike 2-1: Foul Ball, location: 2F 2-2: Strikes out looking
|
Batting: RHB Edward Young
|
0-0: Foul Ball, location: 2F 0-1: Called Strike 0-2: Strikes out swinging
|
Batting: LHB José Lińares
|
0-0: SINGLE (Line Drive, 4MD) Edgar López to third Runner from 3rd tries for Home, SAFE, no throw
|
Batting: RHB Tony Cruz
|
0-0: SINGLE (Line Drive, 4MD) José Lińares to second
|
Batting: RHB Jesús Hernández
|
0-0: Ball 1-0: Called Strike 1-1: Ball 2-1: Ball 3-1: Ground out 4-3 (Groundball, 4)
|
Bottom of the 7th over - 1 run, 3 hits, 0 errors, 2 left on base; Seattle 1 - Austin 8 |
TOP OF THE 8TH |
Seattle Pikes batting - Pitching for Austin River Sharks : RHP Troy Lynn
|
Batting: LHB Richard Hunter
|
0-0: Called Strike 0-1: Foul Ball, location: 2F 0-2: Ball 1-2: Strikes out looking
|
Pitching: RHP Bernardo Romero
|
|
Batting: RHB Esteban Concepción
|
0-0: Ball 1-0: Called Strike 1-1: Fly out, F9 (Flyball, 89S)
|
Batting: RHB Juan Estrada
|
0-0: Called Strike 0-1: Ball 1-1: Ball 2-1: Foul Ball, location: 2F 2-2: SINGLE (Flyball, 8LS)
|
Batting: RHB Murai Ishihara
|
0-0: Ball 1-0: Called Strike 1-1: Foul Ball, location: 2F 1-2: Ball 2-2: DOUBLE (Line Drive, 8LD) Juan Estrada to third Runner from 3rd tries for Home, SAFE, no throw
|
Batting: LHB John Bond
|
0-0: Ball 1-0: Ball 2-0: Fly out, F7 (Flyball, 78M)
|
Top of the 8th over - 1 run, 2 hits, 0 errors, 1 left on base; Seattle 2 - Austin 8 |
BOTTOM OF THE 8TH |
Austin River Sharks batting - Pitching for Seattle Pikes : RHP Luis Libán
|
Batting: RHB Richard Coker
|
0-0: Ball 1-0: Called Strike 1-1: Called Strike 1-2: Strikes out swinging
|
Batting: LHB Miguel Pérez
|
0-0: Ball 1-0: Foul Ball, location: 2F 1-1: Ball 2-1: Called Strike 2-2: Foul Ball, location: 2F 2-2: Ball 3-2: Ground out 4-3 (Groundball, 34D)
|
Batting: LHB Enrico Vargas
|
0-0: Called Strike 0-1: Ball 1-1: Swinging Strike 1-2: Ground out 3-1 (Groundball, 34S)
|
Bottom of the 8th over - 0 runs, 0 hits, 0 errors, 0 left on base; Seattle 2 - Austin 8 |
TOP OF THE 9TH |
Seattle Pikes batting - Pitching for Austin River Sharks : RHP Bernardo Romero
|
Batting: LHB Javier Martínez
|
0-0: Ball 1-0: Swinging Strike 1-1: SINGLE (Flyball, 8RS)
|
Batting: RHB António López
|
0-0: Called Strike 0-1: Foul Ball, location: 2F 0-2: SINGLE (Groundball, 34D) Javier Martínez to second
|
Batting: RHB Pete Rideout
|
0-0: Called Strike 0-1: Swinging Strike 0-2: Strikes out swinging
|
Batting: LHB John Clark
|
0-0: Called Strike 0-1: Swinging Strike 0-2: Ball 1-2: Strikes out swinging
|
Batting: LHB Richard Hunter
|
0-0: Called Strike 0-1: Fly out, F4 (Popup, 4M)
|
Top of the 9th over - 0 runs, 2 hits, 0 errors, 2 left on base; Seattle 2 - Austin 8 |
|